 Dungeon Crawl Stone Soup version 0.28-a0-206-gc2c9e32840 (webtiles) character file.

Game seed: 16883319721511366417

44 loansindi the Conjurer (level 3, -1/26 HPs)
             Began as a Draconian Conjurer on Aug 21, 2021.
             Slain by a worm (6 damage)
             ... on level 2 of the Dungeon.
             The game lasted 00:03:40 (1802 turns).

loansindi the Conjurer (Draconian Conjurer)         Turns: 1802, Time: 00:03:40

Health: -1/26      AC:  6    Str:  9    XL:     3   Next: 41%
Magic:  6/6        EV: 12    Int: 19    God:
Gold:   51         SH:  0    Dex:  9    Spells: 5/6 levels left

rFire   . . .      SeeInvis .   b - staff of death
rCold   . . .      Faith    .   (no shield)
rNeg    + . .      Spirit   .   (armour unavailable)
rPois   .          Reflect  .   (helmet restricted)
rElec   .          Harm     .   (no cloak)
rCorr   .          Rampage  .   (no gloves)
Will    .....                   c - +0 pair of boots
Stlth   ++........              (no amulet)
HPRegen 0.08/turn               (no ring)
MPRegen 0.10/turn               (no ring)

@: no status effects
A: AC +5, unfitting armour, cold-blooded
a: no special abilities


You were on level 2 of the Dungeon.
You visited 1 branch of the dungeon, and saw 2 of its levels.

You collected 51 gold pieces.

Inventory:

Armour
 c - a +0 pair of boots (worn)
Magical Staves
 b - a staff of death (weapon)
Jewellery
 a - a ring of resist corrosion
Scrolls
 d - 2 scrolls of magic mapping
Potions
 f - a potion of attraction {unknown}
 g - a potion of lignification {unknown}


   Skills:
 + Level 0.2 Staves
 + Level 1.9 Dodging
 + Level 1.8 Stealth
 + Level 2.2 Spellcasting
 + Level 4.9 Conjurations


You had 5 spell levels left.
You knew the following spells:

 Your Spells              Type           Power      Damage    Failure   Level
a - Magic Dart            Conj           84%        1d7       2%          1

Your spell library contained the following spells:

 Spells                   Type           Power      Damage    Failure   Level
 Searing Ray              Conj           42%        3d4       3%          2
 Dazzling Flash           Conj/Hex       22%        N/A       19%         3
 Ensorcelled Hibernation  Hex/Ice        4%         N/A       26%         2
 Spider Form              Tmut/Pois      1%         N/A       45%         3
 Fulminant Prism          Conj/Hex       5%         3d7       52%         4
 Iskenderun's Mystic Bla  Conj/Tloc      11%        2d4       52%         4
 Shadow Creatures         Summ           N/A        N/A       100%        6


Dungeon Overview and Level Annotations

Branches:
Dungeon (2/15)

Altars:
Trog


Innate Abilities, Weirdness & Mutations

Your plain brown scales are hard. (AC +5)
You cannot fit into any form of body armour.
You are cold-blooded and may be slowed by cold attacks.


Message History

You hit the worm.
The worm is heavily wounded.
The worm barely misses you.
You hit the worm but do no damage.
The worm is moderately wounded.
You barely miss the worm.
The worm is moderately wounded.
The worm bites you.
You hit the worm.
The worm is heavily wounded.
The worm barely misses you.
You barely miss the worm.
The worm is heavily wounded.
The worm bites you!
You hit the worm.
The worm is heavily wounded.
You hit the worm but do no damage.
The worm is heavily wounded.
The worm bites you.
* * * LOW HITPOINT WARNING * * *
Okay, then.
You are too injured to fight recklessly!
It was a potion of curing.
You feel better.
You are too injured to fight recklessly!
You barely miss the worm.
The worm is heavily wounded.
The worm closely misses you.
You hit the worm. You tail-slap the worm.
The worm is almost dead.
The worm barely misses you.
You barely miss the worm.
The worm is severely wounded.
You barely miss the worm.
The worm is severely wounded.
The worm bites you!
* * * LOW HITPOINT WARNING * * *
You hit the worm but do no damage.
The worm is severely wounded.
The worm bites you.
You die...

############
#...........
#......#####
#......# #
#......# # #####
#......##### #@w.#
#........... #.#.#
#........... #.#.#
#...........
#.#.#####.#.......
#.#.............##
#.#######.##....##
#.# #>........ #.#
####....## #.#
#......#


You could see a worm.

Vanquished Creatures
  2 dart slugs (D:2)
  2 ball pythons (D:2)
  6 bats
  6 endoplasms
  A giant cockroach (D:2)
  5 goblins
  3 hobgoblins (D:1)
  5 kobolds
  2 frilled lizards (D:1)
  2 rats
34 creatures vanquished.

Notes
Turn   | Place    | Note
-------+----------+-------------------------------------------
     0 | D:1      | loansindi the Draconian Conjurer began the quest for the
                  | Orb.
     0 | D:1      | Reached XP level 1. HP: 14/14 MP: 3/3
   254 | D:1      | Reached XP level 2. HP: 20/20 MP: 0/5
   543 | D:1      | Found a faded altar of an unknown god.
  1153 | D:2      | Reached XP level 3. HP: 26/26 MP: 3/6
  1540 | D:2      | Found a bloodstained altar of Trog.
  1802 | D:2      | Slain by a worm

Illustrated notes

Levels and vault maps discovered:
D:1:      minmay_arrival_loop, layout_basic, hellmonk_ecumenical_altar_lost_god,
          kennysheep_decorative_pillar
D:2:      layout_basic, basic_altar, grunt_decor_mini_mirrors

Action                   || total
-------------------------++-------
Melee: Staff             ||    38
       Tailslap          ||     3
 Cast: Magic Dart        ||    55
  Use: Scroll            ||     5
       Potion            ||     1
Armor: Skin              ||     6
Dodge: Dodged            ||    16

Table legend: (Time is in decaauts)
 A = Elapsed time spent in this place.
 B = Non-inter-level travel time spent in this place.
 C = Inter-level travel time spent in this place.
 D = Time resting spent in this place.
 E = Time spent auto-exploring this place.
 F = Levels seen in this place.
 G = Mean time per level.
                   A        B        C        D        E       F      G
               +--------+--------+--------+--------+--------+-----+--------+
         Total |   1808 |   1808 |      0 |      0 |   1569 |   2 |  904.0 |
       Dungeon |   1808 |   1808 |      0 |      0 |   1569 |   2 |  904.0 |
               +--------+--------+--------+--------+--------+-----+--------+

Top non-repeatable levels by time:
     D:1: 961 daAuts
     D:2: 846 daAuts
